| TOP OF THE 1ST |
|
Colorado Rockies batting - Pitching for San Francisco Giants : LHP Chong-yeol Wong
|
|
Pitching: LHP Chong-yeol Wong
|
|
|
Batting: LHB Freddy Troncoso
|
0-0: Fly out, F8 (Flyball, 8RD, EV 100.6 MPH)
|
|
Batting: RHB Henry Alvizo
|
0-0: Called Strike 0-1: Foul Ball, location: 2F 0-2: Foul Ball, location: 2F 0-2: Ball 1-2: Strikes out swinging
|
|
Batting: RHB Joel Haycock
|
0-0: Called Strike 0-1: Foul Ball, location: 2F 0-2: Strikes out swinging
|
| Top of the 1st over - 0 runs, 0 hits, 0 errors, 0 left on base; Colorado 0 - San Francisco 0 |
| BOTTOM OF THE 1ST |
|
San Francisco Giants batting - Pitching for Colorado Rockies : RHP Gabe Stokes
|
|
Pitching: RHP Gabe Stokes
|
|
|
Batting: RHB Nick Rigden
|
0-0: Ground out 6-3 (Groundball, 6S, EV 87.5 MPH)
|
|
Batting: RHB Lucan Esini
|
0-0: Called Strike 0-1: Ball 1-1: Swinging Strike 1-2: Strikes out swinging
|
|
Batting: RHB Sean Zielinski
|
0-0: Ball 1-0: Ball 2-0: Fly out, F7 (Flyball, 7S, EV 80.6 MPH)
|
| Bottom of the 1st over - 0 runs, 0 hits, 0 errors, 0 left on base; Colorado 0 - San Francisco 0 |
| TOP OF THE 2ND |
|
Colorado Rockies batting - Pitching for San Francisco Giants : LHP Chong-yeol Wong
|
|
Batting: RHB Jason Andrews
|
0-0: Ball 1-0: Ball 2-0: Ground out 5-3 (Groundball, 56, EV 105.6 MPH)
|
|
Batting: SHB Eddie Quinones
|
0-0: Ball 1-0: Ball 2-0: Called Strike 2-1: Foul Ball, location: 2F 2-2: Strikes out swinging
|
|
Batting: SHB Andy Vivas
|
0-0: Ball 1-0: Ball 2-0: Called Strike 2-1: Ball 3-1: Base on Balls
|
|
Batting: SHB Billy Encinias
|
0-0: Foul Ball, location: 2F 0-1: Ball 1-1: Ball 2-1: Foul Ball, location: 2F 2-2: SINGLE (Groundball, 34, EV 104.4 MPH) Andy Vivas to second
|
|
Batting: SHB Jon Munoz
|
0-0: Called Strike 0-1: Foul Ball, location: 2F 0-2: Fly out, F9 (Flyball, 9LM, EV 87.5 MPH)
|
| Top of the 2nd over - 0 runs, 1 hit, 0 errors, 2 left on base; Colorado 0 - San Francisco 0 |
| BOTTOM OF THE 2ND |
|
San Francisco Giants batting - Pitching for Colorado Rockies : RHP Gabe Stokes
|
|
Batting: LHB Jack Henningar
|
0-0: Swinging Strike 0-1: Ball 1-1: Swinging Strike 1-2: Foul Ball, location: 2F 1-2: Fly out, F9 (Flyball, 9LM, EV 106.9 MPH)
|
|
Batting: SHB Ryan Doss
|
0-0: Ball 1-0: Swinging Strike 1-1: Swinging Strike 1-2: Ball 2-2: Strikes out looking
|
|
Batting: LHB Carey Horncole
|
0-0: Swinging Strike 0-1: Ball 1-1: Called Strike 1-2: Ball 2-2: Strikes out swinging
|
| Bottom of the 2nd over - 0 runs, 0 hits, 0 errors, 0 left on base; Colorado 0 - San Francisco 0 |
| TOP OF THE 3RD |
|
Colorado Rockies batting - Pitching for San Francisco Giants : LHP Chong-yeol Wong
|
|
Batting: RHB Sterling Acosta
|
0-0: Called Strike 0-1: Foul Ball, location: 2F 0-2: Fly out, F3 (Line Drive, 34, EV 65.6 MPH)
|
|
Batting: LHB Freddy Troncoso
|
0-0: Swinging Strike 0-1: Called Strike 0-2: Ball 1-2: Ball 2-2: Strikes out looking
|
|
Batting: RHB Henry Alvizo
|
0-0: Called Strike 0-1: Ground out 6-3 (Groundball, 6M, EV 86.9 MPH)
|
| Top of the 3rd over - 0 runs, 0 hits, 0 errors, 0 left on base; Colorado 0 - San Francisco 0 |
| BOTTOM OF THE 3RD |
|
San Francisco Giants batting - Pitching for Colorado Rockies : RHP Gabe Stokes
|
|
Batting: LHB John Blair
|
0-0: Called Strike 0-1: Ball 1-1: Ball 2-1: Called Strike 2-2: Ball 3-2: Ground out 4-3 (Groundball, 34, EV 85.6 MPH)
|
|
Batting: RHB John Creel
|
0-0: Ball 1-0: Ball 2-0: Ball 3-0: Called Strike 3-1: Base on Balls
|
|
Batting: RHB Tyler Mapes
|
0-0: Foul Ball, location: 2F 0-1: Foul Ball, location: 2F 0-2: Ball 1-2: Ball 2-2: Fly out, F8 (Flyball, 89M, EV 87.5 MPH)
|
|
Batting: RHB Nick Rigden
|
0-0: Called Strike 0-1: Foul Ball, location: 2F 0-2: Foul Ball, location: 2F 0-2: Strikes out swinging
|
| Bottom of the 3rd over - 0 runs, 0 hits, 0 errors, 1 left on base; Colorado 0 - San Francisco 0 |
| TOP OF THE 4TH |
|
Colorado Rockies batting - Pitching for San Francisco Giants : LHP Chong-yeol Wong
|
|
Batting: RHB Joel Haycock
|
0-0: Called Strike 0-1: Foul Ball, location: 2F 0-2: Ball 1-2: Ball 2-2: Foul Ball, location: 2F 2-2: Ball 3-2: Strikes out looking
|
|
Batting: RHB Jason Andrews
|
0-0: Ball 1-0: Ball 2-0: Called Strike 2-1: Swinging Strike 2-2: Foul Ball, location: 2F 2-2: Foul Ball, location: 2F 2-2: Ball 3-2: Strikes out swinging passed ball, reaches first!
|
|
Batting: SHB Eddie Quinones
|
0-0: Called Strike 0-1: Ball 1-1: Foul Ball, location: 2F 1-2: Ball 2-2: Strikes out swinging
|
|
Batting: SHB Andy Vivas
|
0-0: Hit by Pitch Jason Andrews to second
|
|
Batting: SHB Billy Encinias
|
0-0: Ball 1-0: Swinging Strike 1-1: Foul Ball, location: 2F 1-2: Fielders Choice at 2nd, 5-4 (Groundball, 56, EV 78.8 MPH)
|
| Top of the 4th over - 0 runs, 0 hits, 0 errors, 2 left on base; Colorado 0 - San Francisco 0 |
| BOTTOM OF THE 4TH |
|
San Francisco Giants batting - Pitching for Colorado Rockies : RHP Gabe Stokes
|
|
Batting: RHB Lucan Esini
|
0-0: Ball 1-0: Called Strike 1-1: Fly out, F9 (Line Drive, 9, EV 96.2 MPH)
|
|
Batting: RHB Sean Zielinski
|
0-0: SINGLE (Line Drive, 4MD, EV 95.6 MPH)
|
|
Batting: LHB Jack Henningar
|
0-0: Ball 1-0: Called Strike Sean Zielinski is caught stealing 2nd base 2-6 1-1: Foul Ball, location: 2F 1-2: Ball 2-2: Ball 3-2: SINGLE (Flyball, 6D, EV 91.2 MPH)
|
|
Batting: SHB Ryan Doss
|
0-0: Called Strike 0-1: Ball Jack Henningar steals 2nd base 1-1: Swinging Strike 1-2: Ball 2-2: Foul Ball, location: 2F 2-2: Strikes out swinging
|
| Bottom of the 4th over - 0 runs, 2 hits, 0 errors, 1 left on base; Colorado 0 - San Francisco 0 |
| TOP OF THE 5TH |
|
Colorado Rockies batting - Pitching for San Francisco Giants : LHP Chong-yeol Wong
|
|
Batting: SHB Jon Munoz
|
0-0: Ground out 5-3 (Groundball, 56, EV 85.0 MPH)
|
|
Batting: RHB Sterling Acosta
|
0-0: Ball 1-0: Called Strike 1-1: Ball 2-1: Foul Ball, location: 2F 2-2: Ball 3-2: Base on Balls
|
|
Batting: LHB Freddy Troncoso
|
0-0: Foul Ball, location: 2F 0-1: Swinging Strike 0-2: Strikes out swinging
|
|
Batting: RHB Henry Alvizo
|
0-0: Ball 1-0: SINGLE (Groundball, 3D, EV 101.2 MPH) Sterling Acosta to second Runner from 2nd tries for 3rd, SAFE, throw by RF made to third
|
|
Batting: RHB Joel Haycock
|
0-0: Called Strike 0-1: Ball 1-1: Called Strike 1-2: Ball 2-2: Foul Ball, location: 2F 2-2: Strikes out swinging
|
| Top of the 5th over - 0 runs, 1 hit, 0 errors, 2 left on base; Colorado 0 - San Francisco 0 |
| BOTTOM OF THE 5TH |
|
San Francisco Giants batting - Pitching for Colorado Rockies : RHP Gabe Stokes
|
|
Batting: LHB Carey Horncole
|
0-0: Foul Ball, location: 2F 0-1: Called Strike 0-2: Foul Ball, location: 2F 0-2: Ball 1-2: Ground out 6-3 (Groundball, 56, EV 81.9 MPH)
|
|
Batting: LHB John Blair
|
0-0: Swinging Strike 0-1: Ball 1-1: Foul Ball, location: 2F 1-2: Foul Ball, location: 2F 1-2: Foul Ball, location: 2F 1-2: Ground out U3 (Groundball, 3, EV 78.8 MPH)
|
|
Batting: RHB John Creel
|
0-0: Called Strike 0-1: Ball 1-1: Ball 2-1: Foul Ball, location: 2F 2-2: DOUBLE (Line Drive, 9LM, EV 105.6 MPH)
|
|
Batting: RHB Tyler Mapes
|
0-0: Foul Ball, location: 2F 0-1: Ball 1-1: Foul Ball, location: 2F 1-2: Ball 2-2: Ball 3-2: Strikes out looking
|
| Bottom of the 5th over - 0 runs, 1 hit, 0 errors, 1 left on base; Colorado 0 - San Francisco 0 |
| TOP OF THE 6TH |
|
Colorado Rockies batting - Pitching for San Francisco Giants : LHP Chong-yeol Wong
|
|
Batting: RHB Jason Andrews
|
0-0: Ground out 6-3 (Groundball, 6, EV 103.1 MPH)
|
|
Batting: SHB Eddie Quinones
|
0-0: Ball 1-0: Swinging Strike 1-1: Called Strike 1-2: Ball 2-2: TRIPLE (Flyball, 9LD, EV 104.4 MPH)
|
|
Pitching: LHP Chris Moris
|
|
|
Batting: SHB Andy Vivas
|
0-0: Ball 1-0: Fly out, F3 (Popup, 3SF, EV 85.6 MPH)
|
|
Batting: SHB Billy Encinias
|
0-0: Foul Ball, location: 2F 0-1: Ball 1-1: Called Strike 1-2: Foul Ball, location: 2F 1-2: Ball 2-2: Foul Ball, location: 2F 2-2: Strikes out swinging
|
| Top of the 6th over - 0 runs, 1 hit, 0 errors, 1 left on base; Colorado 0 - San Francisco 0 |
| BOTTOM OF THE 6TH |
|
San Francisco Giants batting - Pitching for Colorado Rockies : RHP Gabe Stokes
|
|
Batting: RHB Nick Rigden
|
0-0: Ball 1-0: Ball 2-0: Ball 3-0: Called Strike 3-1: SINGLE (Groundball, 56D, EV 100.0 MPH)
|
|
Batting: RHB Lucan Esini
|
0-0: Ball 1-0: Ball 2-0: Grounds into double play, 5-4-3 (Groundball, 56, EV 108.1 MPH)
|
|
Batting: RHB Sean Zielinski
|
0-0: Fly out, F7 (Line Drive, 78M, EV 91.9 MPH)
|
| Bottom of the 6th over - 0 runs, 1 hit, 0 errors, 0 left on base; Colorado 0 - San Francisco 0 |
| TOP OF THE 7TH |
|
Colorado Rockies batting - Pitching for San Francisco Giants : LHP Chris Moris
|
|
Batting: SHB Jon Munoz
|
0-0: SINGLE (Groundball, 4S, EV 76.9 MPH) (infield hit)
|
|
Batting: RHB Sterling Acosta
|
0-0: Ball 1-0: Sac Bunt to 15 - play at first, batter OUT! 1-3 Jon Munoz to second
|
|
Batting: LHB Freddy Troncoso
|
0-0: Ball 1-0: Foul Ball, location: 2F 1-1: Called Strike 1-2: SINGLE (Groundball, 34S, EV 74.4 MPH) (infield hit) Jon Munoz to third
|
|
Batting: RHB Henry Alvizo
|
0-0: Swinging Strike 0-1: Called Strike 0-2: Ball 1-2: Strikes out looking
|
|
Batting: RHB Joel Haycock
|
0-0: Called Strike 0-1: Ground out 5-3 (Groundball, 5S, EV 81.2 MPH)
|
| Top of the 7th over - 0 runs, 2 hits, 0 errors, 2 left on base; Colorado 0 - San Francisco 0 |
| BOTTOM OF THE 7TH |
|
San Francisco Giants batting - Pitching for Colorado Rockies : RHP Gabe Stokes
|
|
Batting: LHB Jack Henningar
|
0-0: Ball 1-0: Ball 2-0: Foul Ball, location: 2F 2-1: Foul Ball, location: 2F 2-2: Ball 3-2: Base on Balls
|
|
Batting: SHB Ryan Doss
|
0-0: Foul Ball, location: 2F 0-1: Ball 1-1: Foul Ball, location: 2F 1-2: Strikes out swinging
|
|
Batting: LHB Carey Horncole
|
0-0: Ball Jack Henningar steals 2nd base (no throw) 1-0: Intentional Walk
|
|
Batting: LHB John Blair
|
0-0: Called Strike Jack Henningar steals 3rd base Carey Horncole to second 0-1: Ball 1-1: Intentional Walk
|
|
Batting: RHB John Creel
|
0-0: Called Strike 0-1: Foul Ball, location: 2F 0-2: GRAND SLAM HOME RUN (Flyball, 78XD, EV 103.8 MPH), Distance : 414 ft
|
|
Pitching: LHP Mike Nimmo
|
|
|
Batting: RHB Tyler Mapes
|
0-0: Ball 1-0: Called Strike 1-1: SINGLE (Flyball, 9S, EV 97.5 MPH)
|
|
Batting: RHB Nick Rigden
|
0-0: Called Strike Tyler Mapes is caught stealing 2nd base 2-4 0-1: Ball 1-1: Ball 2-1: Ball 3-1: Fly out, F7 (Line Drive, 78D, EV 106.2 MPH)
|
| Bottom of the 7th over - 4 runs, 2 hits, 0 errors, 0 left on base; Colorado 0 - San Francisco 4 |
| TOP OF THE 8TH |
|
Colorado Rockies batting - Pitching for San Francisco Giants : LHP Chris Moris
|
|
Batting: RHB Jason Andrews
|
0-0: Ball 1-0: Ball 2-0: Ball 3-0: Called Strike 3-1: Swinging Strike 3-2: Base on Balls
|
|
Batting: SHB Eddie Quinones
|
0-0: Ball 1-0: Ball 2-0: Ball 3-0: SINGLE (Line Drive, 4D, EV 96.2 MPH) Jason Andrews to second Runner from 2nd tries for 3rd, SAFE, throw by RF made to third
|
|
Batting: SHB Andy Vivas
|
0-0: Called Strike 0-1: Ball 1-1: Called Strike 1-2: Ball 2-2: Foul Ball, location: 2F 2-2: Strikes out swinging
|
|
Pitching: RHP Jorge Sosa
|
|
|
Batting: SHB Billy Encinias
|
0-0: Ball 1-0: Called Strike 1-1: Foul Ball, location: 2F 1-2: Strikes out swinging
|
|
Batting: SHB Jon Munoz
|
0-0: Ball 1-0: Swinging Strike 1-1: Swinging Strike 1-2: Ball 2-2: Foul Ball, location: 2F 2-2: Ball 3-2: Foul Ball, location: 2F 3-2: Fly out, F7 (Flyball, 78M, EV 81.9 MPH)
|
| Top of the 8th over - 0 runs, 1 hit, 0 errors, 2 left on base; Colorado 0 - San Francisco 4 |
| BOTTOM OF THE 8TH |
|
San Francisco Giants batting - Pitching for Colorado Rockies : LHP Mike Nimmo
|
|
Batting: RHB Lucan Esini
|
0-0: Ball 1-0: SOLO HOME RUN (Flyball, 7D, EV 99.4 MPH), Distance : 390 ft
|
|
Batting: RHB Sean Zielinski
|
0-0: Ball 1-0: Ball 2-0: Ball 3-0: Base on Balls
|
|
Batting: LHB Jack Henningar
|
0-0: Called Strike 0-1: Called Strike Sean Zielinski steals 2nd base 0-2: Ball 1-2: Ball 2-2: Strikes out swinging
|
|
Batting: SHB Ryan Doss
|
0-0: Ball 1-0: Ball 2-0: Ball 3-0: Called Strike 3-1: Fly out, F8 (Flyball, 8RD, EV 105.0 MPH)
|
|
Batting: LHB Carey Horncole
|
0-0: Fly out, F8 (Flyball, 8RM, EV 90.6 MPH)
|
| Bottom of the 8th over - 1 run, 1 hit, 0 errors, 1 left on base; Colorado 0 - San Francisco 5 |
| TOP OF THE 9TH |
|
Colorado Rockies batting - Pitching for San Francisco Giants : RHP Jorge Sosa
|
|
Batting: RHB Sterling Acosta
|
0-0: Ball 1-0: Called Strike 1-1: Swinging Strike 1-2: Strikes out swinging
|
|
Batting: LHB Freddy Troncoso
|
0-0: Ball 1-0: Swinging Strike 1-1: Foul Ball, location: 2F 1-2: Foul Ball, location: 2F 1-2: Strikes out looking
|
|
Batting: RHB Henry Alvizo
|
0-0: Called Strike 0-1: Swinging Strike 0-2: Ball 1-2: Ball 2-2: Ball 3-2: Foul Ball, location: 2F 3-2: Base on Balls
|
|
Batting: RHB Joel Haycock
|
0-0: Ball 1-0: Ground out 4-3 (Groundball, 4, EV 101.9 MPH)
|
| Top of the 9th over - 0 runs, 0 hits, 0 errors, 1 left on base; Colorado 0 - San Francisco 5 |
|